 Dungeon Crawl Stone Soup version 0.20-a0-738-gb057e68 (webtiles) character file.

175 polly the Slasher (level 5, 39/40 HPs)
             Began as a Demonspawn Gladiator on Feb 24, 2017.
             Quit the game on level 3 of the Dungeon.
             The game lasted 00:02:41 (2790 turns).

polly the Slasher (Demonspawn Gladiator)            Turns: 2790, Time: 00:02:41

Health: 39/40      AC:  4    Str: 15    XL:     5   Next: 29%
Magic:  5/5        EV: 10    Int:  9    God:
Gold:   92         SH: 10    Dex: 15    Spells: 4/4 levels left

rFire    . . .     SeeInvis .   a - +0 long sword
rCold    . . .     Gourm    .   b - +0 leather armour
rNeg     . . .     Faith    .   e - +2 shield
rPois    .         Spirit   .   (helmet restricted)
rElec    .         Reflect  .   (no cloak)
rCorr    .         Harm     .   (no gloves)
MR       .....                  (no boots)
Stlth    ++........             (no amulet)
Regen    0.2/turn               (no ring)
MPRegen  0.1/turn               (no ring)

@: no status effects
A: antennae 1, rugged brown scales 1, spiny 1
a: no special abilities


You were on level 3 of the Dungeon.
You were not hungry.

You visited 1 branch of the dungeon, and saw 3 of its levels.

You collected 92 gold pieces.

Inventory:

Hand Weapons
 a - a +0 long sword (weapon)
Missiles
 d - 3 throwing nets (quivered)
Armour
 b - a +0 leather armour (worn)
 c - a +0 helmet
 e - a +2 shield (worn)
Jewellery
 s - a +2 ring of dexterity {unknown}
Scrolls
 i - a scroll of enchant weapon {unknown}
 k - 6 scrolls of identify {unknown}
 l - a scroll of noise {unknown}
 m - 2 scrolls of teleportation {unknown}
 p - a scroll of enchant armour {unknown}
 q - a scroll of remove curse {unknown}
Potions
 g - a potion of berserk rage {unknown}
 h - 2 potions of might {unknown}
 j - a potion of agility {unknown}
 o - a potion of degeneration {unknown}
 r - 2 potions of flight {unknown}
 t - a potion of curing {unknown}
 u - 2 potions of haste {unknown}
 x - a potion of invisibility {unknown}
Comestibles
 f - 3 bread rations
 n - 2 meat rations
 v - 2 chunks of flesh
 w - a fruit


   Skills:
 + Level 2.4 Fighting
 + Level 4.1 Long Blades
 + Level 1.7 Throwing
 + Level 1.2 Armour
 + Level 3.2 Dodging
 + Level 1.1 Stealth
 + Level 1.3 Shields


You had 4 spell levels left.
You didn't know any spells.

Dungeon Overview and Level Annotations

Branches:
Dungeon (3/15)

Altars:
Cheibriados


Innate Abilities, Weirdness & Mutations

You have a pair of small antennae on your head.
You are partially covered in rugged brown scales. (AC +1, +3% HP)
You are partially covered in sharp spines.


Message History

No target in view!
No target in view!
No target in view!
No target in view!
No target in view!
No target in view!
No target in view!
No target in view!
No target in view!
No target in view!
No target in view!
Quiver which item? (- for none, * to show all) (? for menu, Esc to quit)
You don't have any such object.
Quiver which item? (- for none, * to show all) (? for menu, Esc to quit)
That's the wrong kind of item! (Use * to select it.) Quiver which item? (- for none, * to show all) (? for menu, Esc to quit)
That's the wrong kind of item! (Use * to select it.) Quiver which item? (- for none, * to show all) (? for menu, Esc to quit)
Okay, then.
Are you sure you want to abandon this character and quit the game? (Confirm with "yes".)

#.#.###.#
#.#
#.......#
#+#
###.#####
#.# ##.##
##[..#### #
#.<.....+ +
#####...####
# #...†@.##
#...[..#
#......#
#.....##
#.....#
###.### #.
#.


There were no monsters in sight!

Vanquished Creatures
  An orc priest (D:3)
  Terence (D:3)
  Robin (D:3)
  2 adders
  2 oozes
  2 worms
  A leopard gecko (D:3)
  7 orcs (D:3)
  A ball python (D:1)
  6 giant cockroaches
  9 goblins
  9 hobgoblins
  4 jackals (D:2)
  A quokka (D:3)
  12 bats
  A frilled lizard (D:1)
  2 kobolds
  8 rats
70 creatures vanquished.

Notes
Turn   | Place    | Note
-------+----------+-------------------------------------------
     0 | D:1      | polly the Demonspawn Gladiator began the quest for the Orb.
     0 | D:1      | Reached XP level 1. HP: 16/16 MP: 1/1
   387 | D:1      | Gained mutation: You are partially covered in rugged brown scales. (AC +1, +3% HP) [demonic ancestry]
   387 | D:1      | Reached XP level 2. HP: 16/22 MP: 2/2
   403 | D:1      | Reached skill level 3 in Long Blades
  1203 | D:2      | Reached skill level 1 in Armour
  1203 | D:2      | Gained mutation: You are partially covered in sharp spines. [demonic ancestry]
  1203 | D:2      | Reached XP level 3. HP: 24/27 MP: 3/3
  1900 | D:3      | Reached XP level 4. HP: 32/33 MP: 4/4
  1944 | D:3      | Reached skill level 1 in Shields
  2145 | D:3      | Noticed Robin
  2160 | D:3      | Killed Robin
  2160 | D:3      | Reached skill level 4 in Long Blades
  2392 | D:3      | Reached skill level 1 in Stealth
  2519 | D:3      | Gained mutation: You have a pair of small antennae on your head. [demonic ancestry]
  2519 | D:3      | Reached XP level 5. HP: 40/40 MP: 5/5
  2539 | D:3      | Found a snail-covered altar of Cheibriados.
  2709 | D:3      | Noticed Terence
  2718 | D:3      | Killed Terence
  2790 | D:3      | Quit the game

Vault maps used:
D:1:      dpeg_arrival_solitude
D:3:      cheibriados_altar_1, first_bread, minmay_misc_feat_square,
          uniq_terence, uniq_robin

Skill      XL: |  1  2  3  4 |
---------------+-------------+-----
Long Blades    | 3 4 |  4.1
Dodging        | 3 |  3.2
Armour         | 1 |  1.2
Shields        | 1 |  1.3
Stealth        | 1 |  1.1
Fighting       | |  2.4
Throwing       | |  1.7

Action                   |  1- 3 |  4- 6 || total
-------------------------+-------+-------++-------
Melee: Long sword        |   113 |    65 ||   178
 Stab: Sleeping          |     3 |     2 ||     5
  Eat: Chunk             |     2 |     4 ||     6
Armor: Leather armour    |    44 |    11 ||    55
Dodge: Dodged            |    60 |    20 ||    80
Block: Shield            |    49 |    26 ||    75
       Rpst.: Long sword |    19 |     8 ||    27
